 Dungeon Crawl Stone Soup version 0.26-a0-665-gefeb406119 (webtiles) character file.

Game seed: 17785842150919596011

12989 grandjackal the Fighter (level 11, -2/101 HPs)
             Began as a Yellow Draconian Gladiator on Oct 16, 2020.
             Was a High Priest of Okawaru.
             Slain by an unseen horror (6 damage)
             ... on level 11 of the Dungeon.
             The game lasted 00:19:32 (15907 turns).

grandjackal the Fighter (DrGl)                     Turns: 15907, Time: 00:19:33

Health: -2/101     AC: 10    Str: 17    XL:     11   Next: 69%
Magic:  17/17      EV: 18    Int: 10    God:    Okawaru [*****.]
Gold:   815        SH:  0    Dex: 14    Spells: 10/10 levels left

rFire    . . .     SeeInvis .   a - +0 quarterstaff
rCold    + + .     Faith    +   (shield currently unavailable)
rNeg     + + .     Spirit   .   (armour unavailable)
rPois    .         Reflect  .   b - +0 hat
rElec    .         Harm     .   z - +0 cloak "Tackoefi" {rN+} (curse)
rCorr    +         Rampage  .   j - +0 pair of gloves
MR       .....                  P - +0 pair of boots of Demons {+Inv rC+}
Stlth    +.........             G - amulet of faith
HPRegen  0.26/turn              m - ring of protection from cold
MPRegen  0.15/turn              E - ring of positive energy

@: no status effects
A: spit acid, unfitting armour, cold-blooded, acid resistance, AC +7
a: Breathe Acid, Heroism, Finesse, Renounce Religion, Evoke Invisibility


You were on level 11 of the Dungeon.
You worshipped Okawaru.
Okawaru was extremely pleased with you.
You visited 2 branches of the dungeon, and saw 13 of its levels.

You collected 815 gold pieces.

Inventory:

Hand Weapons
 a - a +0 quarterstaff (weapon)
Missiles
 c - 2 throwing nets (quivered)
Armour
 b - a +0 hat (worn)
 j - a +0 pair of gloves (worn)
 z - the cursed +0 cloak "Tackoefi" (worn) {rN+}
   (You found it on level 5 of the Dungeon)

   It protects you from negative energy.
   It has a curse placed upon it.
 P - the +0 pair of boots of Demons (worn) {+Inv rC+}
   (Okawaru gifted it to you on level 9 of the Dungeon)

   It protects you from cold.
   It lets you turn invisible.
Jewellery
 m - a ring of protection from cold (left hand)
 E - a ring of positive energy (right hand)
 G - an amulet of faith (around neck)
 K - a cursed ring of teleportation {unknown}
 M - an uncursed amulet of guardian spirit {unknown}
 Q - a cursed ring of attention {unknown}
Wands
 u - a wand of iceblast (3)
 B - a wand of acid (6)
 J - a wand of random effects (14)
 L - a wand of flame (32)
 O - a wand of disintegration (8)
Scrolls
 d - a scroll of fog {unknown}
 e - 6 scrolls of teleportation
 i - 3 scrolls of enchant weapon {unknown}
 l - a scroll of enchant armour {unknown}
 o - 2 scrolls of blinking {unknown}
 q - 9 scrolls of identify {unknown}
 t - 8 scrolls of remove curse {unknown}
 w - 3 scrolls of amnesia {unknown}
 x - a scroll of noise {unknown}
 y - a scroll of random uselessness {unknown}
 D - a scroll of summoning {unknown}
 F - a scroll of torment {unknown}
 I - 3 scrolls of immolation {unknown}
 N - a scroll of acquirement {unknown}
Potions
 f - 2 potions of flight {unknown}
 g - 8 potions of curing
 h - a potion of might {unknown}
 k - 5 potions of haste
 n - 3 potions of stabbing {unknown}
 p - a potion of heal wounds {unknown}
 r - 3 potions of mutation {unknown}
 s - a potion of magic {unknown}
 v - 3 potions of ambrosia {unknown}
 A - 5 potions of brilliance {unknown}
 C - 2 potions of resistance {unknown}
 H - a potion of invisibility {unknown}
 R - a potion of degeneration {unknown}
 S - a potion of lignification {unknown}


   Skills:
 + Level 10.9 Fighting
 + Level 10.3 Staves
 - Level 1.7 Throwing
 + Level 9.5 Dodging
 + Level 9.2 Invocations


You had 10 spell levels left.
You didn't know any spells.
Your spell library contained the following spells:

 Spells                   Type           Power        Failure   Level
 Confusing Touch          Hex            #.......     75%         3
 Gell's Gravitas          Tloc           #.........   75%         3
 Petrify                  Tmut/Erth      #.......     98%         4
 Metabolic Englaciation   Hex/Ice        #.........   100%        5
 Yara's Violent Unravell  Hex/Tmut       #.........   100%        5


Dungeon Overview and Level Annotations

Branches:
Dungeon (12/15)            Temple (1/1) D:5            Lair (0/6) D:9
    Orc (0/2) D:11

Altars:
Ashenzari
Cheibriados
Fedhas
Gozag
Hepliaklqana
Makhleb
Nemelex Xobeh
Okawaru
Qazlal
Ru
Trog
Uskayaw
Vehumet
Wu Jian
Yredelemnul
Zin
The Shining One

Shops:
D:6 [:

Annotations:
D:3 1 runed translucent door, Whiskey's ghost, amateur OpCj


Innate Abilities, Weirdness & Mutations

You can spit globs of acid.
Your golden yellow scales are hard. (AC +7)
You cannot fit into any form of body armour.
You are cold-blooded and may be slowed by cold attacks.
You are resistant to acid. (rCorr)


Message History

Your surroundings suddenly seem different.
(D) Dungeon (T) Temple (L) Lair (O) Orcish Mines
Where to? (Enter - D:12, ? - help)
An orc warrior is nearby!
There is a stone staircase leading up here.
You climb upwards.
There is a stone staircase leading down here.
You start resting.
Something hits you.
* * * LOW HITPOINT WARNING * * *
Deactivating autopickup; reactivate with Ctrl-A.
You closely miss something. You tail-slap something.
Something closely misses you. Something hits you.
* * * LOW HITPOINT WARNING * * *
You thump something! Something hits you!
* * * LOW HITPOINT WARNING * * *
Something hits you.
* * * LOW HITPOINT WARNING * * *
You hit something but do no damage. Something hits you.
You die...

...........)..#......#...........
..........รท...#......#...........
...######'#...#......#..#########
...#......#...#......#..#.......#
...#......#...#......#..'.......#
...#......#...#......#..#.......#
...+......#...########..###)#####
...########......................
...............{@................
.................................
.................................
.................................
...........)[....................
########.........########...<....
.......#.........# #........
.......#.........# #...###'#
.......#.........# #...#....


There were no monsters in sight!

Vanquished Creatures
  Erolcha (D:11)
  Harold (D:7)
  Erica (D:9)
  A two-headed ogre (D:10)
  An ugly thing (D:12)
  A cyclops (D:11)
  Maurice (D:9)
  3 trolls
  A shadow (D:12)
  Eustachio (D:5)
  10 yaks
  2 water moccasins
  6 orc warriors
  2 hornet zombies
  Duvessa (D:4)
  2 ice beasts
  A sky beast (D:9)
  An eye of draining (D:9)
  3 wolves (D:9)
  2 centaurs
  4 ogres
  11 bullfrogs
  A big kobold (D:11)
  A wyvern zombie (D:10)
  Dowan (D:4)
  A water moccasin skeleton (D:11)
  3 scorpions
  5 killer bees (D:8)
  16 wights
  2 howler monkeys
  8 electric eels (D:9)
  2 bullfrog zombies
  A centaur zombie (D:7)
  2 quasits
  8 hounds
  2 bullfrog skeletons
  8 orc priests
  3 centaur skeletons
  5 jellies
  4 iguanas
  7 orc wizards
  15 worker ants
  A hound skeleton (D:9)
  2 worker ant zombies
  14 adders
  A shadow imp (D:5)
  3 white imps
  An ufetubus (D:7)
  An ooze (D:4)
  An adder zombie (D:5)
  3 adder skeletons
  2 worms (D:2)
  3 dart slugs (D:1)
  9 leopard geckos
  36 orcs
  2 giant cockroaches (D:2)
  10 goblins
  6 hobgoblins
  13 kobolds
  7 quokkas
  A ball python (D:2)
  8 bats
  4 frilled lizards
  A leopard gecko skeleton (D:4)
  A quokka skeleton (D:5)
  A quokka zombie (D:5)
  3 rats
286 creatures vanquished.

Notes
Turn   | Place    | Note
-------+----------+-------------------------------------------
     0 | D:1      | grandjackal the Draconian Gladiator began the quest for the
                  | Orb.
     0 | D:1      | Reached XP level 1. HP: 17/17 MP: 1/1
   158 | D:1      | Reached XP level 2. HP: 25/25 MP: 2/2
   754 | D:2      | Reached XP level 3. HP: 28/30 MP: 3/3
  1004 | D:2      | Reached XP level 4. HP: 28/38 MP: 4/4
  1448 | D:3      | Noticed Whiskey's ghost (amateur OpCj)
  1449 | D:3      | Found a runed translucent door.
  2237 | D:3      | Reached XP level 5. HP: 46/46 MP: 5/5
  2367 | D:3      | Found a faded altar of an unknown god.
  3039 | D:4      | Noticed an ogre
  3050 | D:4      | Killed an ogre
  3050 | D:4      | Reached XP level 6. HP: 33/53 MP: 6/6
  3176 | D:4      | Noticed Duvessa
  3176 | D:4      | Noticed Dowan
  3188 | D:4      | Killed Duvessa
  3211 | D:4      | Killed Dowan
  3211 | D:4      | Reached skill level 5 in Staves
  3395 | D:4      | Reached skill level 5 in Fighting
  4032 | D:4      | Your scales start taking on a golden yellow colour.
  4032 | D:4      | Reached XP level 7. HP: 56/61 MP: 7/7
  4032 | D:4      | Gained mutation: You are resistant to acid. (rCorr) [Yellow
                  | Draconian growth]
  4235 | D:5      | Entered Level 5 of the Dungeon
  4504 | D:5      | Noticed Eustachio
  4524 | D:5      | Killed Eustachio
  4524 | D:5      | Reached skill level 5 in Dodging
  4958 | D:5      | Found a staircase to the Ecumenical Temple.
  4975 | Temple   | Entered the Ecumenical Temple
  5069 | Temple   | Became a worshipper of Warmaster Okawaru
  5469 | D:5      | Got a distressingly furry cloak
  5475 | D:5      | Identified the cursed +0 cloak "Tackoefi" {rN+} (You found
                  | it on level 5 of the Dungeon)
  5528 | D:6      | Found Edwemele's Book Shop.
  5651 | D:5      | Reached skill level 1 in Invocations
  5651 | D:5      | Reached XP level 8. HP: 40/70 MP: 7/9
  5965 | D:6      | Found a bloodstained altar of Trog.
  6477 | D:6      | Reached * piety under Okawaru
  6603 | D:6      | Found Yblocomu's Antique Armour Emporium.
  7070 | D:7      | Noticed Harold
  7082 | D:7      | Killed Harold
  7082 | D:7      | Reached ** piety under Okawaru
  7082 | D:7      | Reached XP level 9. HP: 70/79 MP: 8/12
  7367 | D:7      | Found a sacrificial altar of Ru.
  7588 | D:7      | Reached skill level 5 in Invocations
  7753 | D:7      | Reached *** piety under Okawaru
  8646 | D:8      | Reached **** piety under Okawaru
  8771 | D:8      | Reached XP level 10. HP: 86/90 MP: 14/14
  9217 | D:9      | Noticed Erica
  9230 | D:9      | Killed Erica
  9560 | D:9      | Reached ***** piety under Okawaru
 10395 | D:9      | Noticed Maurice
 10413 | D:9      | Killed Maurice
 10988 | D:9      | Found a staircase to the Lair.
 11556 | D:10     | Entered Level 10 of the Dungeon
 11780 | D:10     | Noticed a two-headed ogre
 11791 | D:10     | Killed a two-headed ogre
 11791 | D:10     | Reached skill level 10 in Fighting
 11791 | D:10     | Reached XP level 11. HP: 30/99 MP: 13/17
 12525 | D:9      | Received a gift from Okawaru
 12545 | D:9      | Got a pair of encrusted boots {god gift}
 12879 | D:9      | Identified the +0 pair of boots of Demons {+Inv rC+}
                  | (Okawaru gifted it to you on level 9 of the Dungeon)
 14000 | D:11     | HP: 5/101 [troll (3)]
 14529 | D:11     | Reached skill level 10 in Staves
 15046 | D:11     | Noticed Erolcha
 15343 | D:11     | Killed Erolcha
 15353 | D:11     | Found a staircase to the Orcish Mines.
 15731 | D:12     | Noticed a white ugly thing
 15743 | D:12     | Killed a white ugly thing
 15840 | D:12     | Noticed a boulder beetle
 15906 | D:11     | HP: 5/101 [something (11)]
 15907 | D:11     | Slain by an unseen horror

Illustrated notes

Levels and vault maps discovered:
D:1:      saegor_arrival_simple_e, layout_loops_cross
D:2:      layout_rooms, item_on_display_b
D:3:      layout_basic, gammafunk_ghost_grave, chequers_ecumenical_altar_simple
D:4:      layout_gridville, uniq_duvessa
D:5:      layout_loops_ring, minmay_temple_entry_stoned_glass, uniq_eustachio
D:6:      layout_basic, lemuel_doored_altar, serial_shops, kennysheep_mini_moat,
          shop
D:7:      layout_loops_cross, nicolae_ru_sacrificial_ziggurat, uniq_harold
D:8:      layout_loops_corners, serial_park_tiny_2, grunt_ministairs_9
D:9:      layout_basic, erik_lair_island, uniq_maurice, uniq_erica
D:10:     layout_grid_maze, nicolae_straight_to_the_point
D:11:     layout_irregular_city, david_orc_2, uniq_erolcha
D:12:     layout_layer_cave, basic_altar, minmay_misc_feat_iff
Temple:   dpeg_three_leaves_temple

Skill      XL: |  1  2  3  4  5  6  7  8  9 10 11 |
---------------+----------------------------------+-----
Dodging        | 3 4 5 6 7 8 9 |  9.5
Fighting       | 3 4 5 6 7 8 10 | 10.9
Staves         | 4 5 6 7 8 9 10 | 10.3
Invocations    | 1 4 6 8 9 |  9.2
Throwing       | |  1.7

Action                   |  1- 3 |  4- 6 |  7- 9 | 10-12 || total
-------------------------+-------+-------+-------+-------++-------
Melee: Quarterstaff      |    98 |   199 |   383 |   560 ||  1240
       Tailslap          |    13 |    22 |    52 |   100 ||   187
Throw: Throwing net      |       |     2 |       |     4 ||     6
Invok: Heroism           |       |       |     3 |     9 ||    12
       Finesse           |       |       |       |     1 ||     1
 Abil: Breathe Acid      |       |       |    13 |    20 ||    33
Evoke: Wand              |       |       |       |    19 ||    19
  Use: Potion            |       |     2 |       |       ||     2
       Scroll            |       |       |       |     2 ||     2
 Stab: Sleeping          |     2 |     2 |     1 |       ||     5
       Held in net/web   |       |     1 |       |     1 ||     2
       Distracted        |       |       |     1 |     2 ||     3
Armor: Skin              |    29 |    61 |    87 |   153 ||   330
Dodge: Dodged            |    77 |   156 |   313 |   587 ||  1133

Table legend: (Time is in decaauts)
 A = Elapsed time spent in this place.
 B = Non-inter-level travel time spent in this place.
 C = Inter-level travel time spent in this place.
 D = Time resting spent in this place.
 E = Time spent auto-exploring this place.
 F = Levels seen in this place.
 G = Mean time per level.
                   A        B        C        D        E       F      G
               +--------+--------+--------+--------+--------+-----+--------+
         Total |  15785 |  15405 |    380 |   6168 |   6730 |  13 | 1214.2 |
       Dungeon |  15682 |  15302 |    380 |   6082 |   6730 |  12 | 1306.8 |
        Temple |    102 |    102 |      0 |     86 |      0 |   1 |  102.0 |
               +--------+--------+--------+--------+--------+-----+--------+

Top non-repeatable levels by time:
     D:9: 2699 daAuts
    D:11: 1816 daAuts
     D:4: 1700 daAuts
     D:8: 1619 daAuts
    D:10: 1477 daAuts
     D:5: 1469 daAuts
     D:3: 1247 daAuts
     D:6: 1159 daAuts
     D:7: 1063 daAuts
     D:1: 746 daAuts
     D:2: 550 daAuts
    D:12: 133 daAuts
  Temple: 102 daAuts
